 Dungeon Crawl Stone Soup version 0.29.1-12-g30fa7ad0bf (webtiles) character file.

Game seed: 18433043649381687420

110 Descartes the Charlatan (level 4, -1/25 HPs)
             Began as a Deep Elf Wanderer on Jan 14, 2023.
             Slain by an orc priest
             ... wielding a +0 flail
              (3 damage)
             ... on level 3 of the Dungeon.
             The game lasted 00:06:20 (3401 turns).

Descartes the Charlatan (Deep Elf Wanderer)         Turns: 3401, Time: 00:06:20

Health: -1/25      AC:  3    Str:  7    XL:     4   Next: 61%
Magic:  0/10       EV: 11    Int: 19    God:
Gold:   122        SH:  6    Dex: 16    Spells: 7/8 levels left

rFire   + . .      SeeInvis .   r - +2 club (spect)
rCold   + . .      Faith    .   e - +2 buckler
rNeg    . . .      Spirit   .   d - +0 robe
rPois   .          Reflect  .   t - +0 helmet
rElec   .          Harm     .   u - scarf {rC+ rF+}
rCorr   .          Rampage  .   (no gloves)
Will    .....                   (no boots)
Stlth   ++........              k - amulet of the acrobat
HPRegen 0.08/turn               (no ring)
MPRegen 0.12/turn               (no ring)

@: no status effects
A: no striking features
a: no special abilities


You were on level 3 of the Dungeon.
You visited 1 branch of the dungeon, and saw 3 of its levels.

You collected 122 gold pieces.

Inventory:

Hand Weapons
 a - a +0 dagger
 p - a +0 rapier
 r - a +2 spectral club (weapon)
Missiles
 h - 3 poisoned darts
Armour
 d - a +0 robe (worn)
 e - a +2 buckler (worn)
 t - a +0 helmet (worn)
 u - a scarf of resistance (worn)
Magical Staves
 j - a staff of fire
Jewellery
 k - an amulet of the acrobat (around neck)
Wands
 b - a wand of flame (3)
Scrolls
 c - 3 scrolls of fear
 f - a scroll of poison {unknown}
 l - a scroll of amnesia {unknown}
 m - 2 scrolls of identify {unknown}
 n - a scroll of immolation {unknown}
 o - a scroll of summoning {unknown}
Potions
 g - a potion of mutation {unknown}
 i - 2 potions of heal wounds {unknown}
 q - 2 potions of berserk rage {unknown}
 s - a potion of curing {unknown}
 v - a potion of lignification {unknown}
 w - a potion of degeneration {unknown}


   Skills:
 - Level 1.0 Fighting
 - Level 1.0 Armour
 + Level 1.6 Dodging
 + Level 2.0 Stealth
 + Level 2.1 Shields
 + Level 2.6 Spellcasting
 + Level 2.7 Conjurations
 + Level 1.4 Air Magic
 + Level 3.8 Evocations


You had 7 spell levels left.
You knew the following spells:

 Your Spells              Type           Power      Damage    Failure   Level
a - Shock                 Conj/Air       40%        1d5       9%          1

Your spell library contained the following spells:

 Spells                   Type           Power      Damage    Failure   Level
 Dazzling Flash           Conj/Hex       14%        N/A       34%         3


Dungeon Overview and Level Annotations

Branches:
Dungeon (3/15)

Altars:

Shops:
D:1 !


Message History

You hit the orc priest.
The orc priest is severely wounded.
The orc priest hits you with a +0 flail.
You hit the orc priest but do no damage.
The orc priest is severely wounded.
The orc priest calls down the wrath of Beogh upon you.
Beogh smites you!
You hit the orc priest.
The orc priest is severely wounded.
The orc priest invokes the aid of Beogh against you.
You barely resist.
The orc priest invokes the aid of Beogh against you.
Pain shoots through your body!
* * * LOW HITPOINT WARNING * * *
You completely miss the orc priest.
The orc priest is severely wounded.
You block the orc priest's attack.
You hit the orc priest but do no damage.
The orc priest is severely wounded.
The orc priest barely misses you.
Unknown command.
You closely miss the orc priest.
The orc priest is severely wounded.
The orc priest casts a cantrip, but nothing happens.
The orc priest misses you.
Your magical contamination has completely faded away.
Unknown command.
Casting: Shock (safe; 9% risk of failure)
Confirm with . or Enter, or press ? or * to list all spells.
Aiming: Shock (safe; 9% risk of failure)
Press: ? - help, Shift-Dir - straight line, f/p - orc priest
Aim: an orc priest, wielding a +0 flail and wearing a +0 scale mail (severely wounded, 72% to hit)
The zap hits the orc priest but does no damage.
The orc priest is severely wounded.
The orc priest hits you with a +0 flail.
* * * LOW HITPOINT WARNING * * *
You hit the orc priest but do no damage.
The orc priest is severely wounded.
The orc priest hits you with a +0 flail.
You die... #.#......##### ..#...#### #.# #####.# #.. . ..#...# #.# o$ #.#..######## #.## oo.

#...#........
###.$ o...
##.#.#######.
...# .....
#.#.#
####.###......
##.#.#
#.@o..))?.....
...#.#
#.########...#
####.# #.# #
#.##########.#
#............#
##############


You could see an orc priest.

Vanquished Creatures
  Robin (D:2)
  3 adders
  A dart slug (D:1)
  3 orcs (D:3)
  A ball python (D:1)
  9 endoplasms
  3 giant cockroaches
  9 goblins
  7 hobgoblins
  4 jackals (D:3)
  4 kobolds (D:1)
  2 quokkas (D:1)
  6 bats
  3 frilled lizards
  4 rats
60 creatures vanquished.

Notes
Turn   | Place    | Note
-------+----------+-------------------------------------------
     0 | D:1      | Descartes the Deep Elf Wanderer began the quest for the
                  | Orb.
     0 | D:1      | Descartes set off with the following items: a +0 dagger, a
                  | wand of flame (3), a scroll of fear, a +0 robe, a +2
                  | buckler; and the following spell memorised: Shock; and the
                  | following spells available to memorise: Dazzling Flash.
     0 | D:1      | Reached XP level 1. HP: 12/12 MP: 5/5
   388 | D:1      | Reached XP level 2. HP: 15/16 MP: 1/6
   704 | D:1      | Reached skill level 1 in Stealth
   932 | D:1      | Reached skill level 1 in Air Magic
   932 | D:1      | Reached XP level 3. HP: 20/20 MP: 0/8
  1155 | D:1      | Found a faded altar of an unknown god.
  1179 | D:1      | Found Jeegofar's Distillery.
  1545 | D:2      | Reached skill level 1 in Dodging
  2299 | D:2      | Noticed Robin
  2308 | D:2      | Killed Robin
  2309 | D:2      | Reached XP level 4. HP: 21/25 MP: 1/9
  3401 | D:3      | Slain by an orc priest

Illustrated notes

Levels and vault maps discovered:
D:1:      dpeg_arrival_castle, layout_basic,
          shapermc_ecumenical_altar_acropolis, serial_shops,
          nicolae_lakefront_shop, minivault_24, hangedman_abyss_or_decor_stabs,
          kennysheep_another_room
D:2:      layout_loops_corners, uniq_robin
D:3:      layout_loops_ring, nicolae_ru_the_path_less_chosen

Skill      XL: |  1  2  3  4 |
---------------+-------------+-----
Spellcasting   | 2 |  2.6
Stealth        | 1 2 |  2.0
Air Magic      | 1 |  1.4
Dodging        | 1 |  1.6
Shields        | 2 |  2.1
Fighting       | |  1.0
Armour         | |  1.0
Conjurations   | |  2.7
Evocations     | |  3.8

Action                   |  1- 3 |  4- 6 || total
-------------------------+-------+-------++-------
Melee: Dagger            |    14 |       ||    14
       Club              |       |    10 ||    10
 Cast: Shock             |   103 |    43 ||   146
Armor: Robe              |     2 |     2 ||     4
Dodge: Dodged            |    14 |    13 ||    27
Block: Buckler           |     5 |     6 ||    11
